[ AOE2 MATCH · #495734815 ]
UnrankedTupi vs Khmer
Player's team · LOSS
Rival team · WIN
[ REPLAY ANALYSIS · EXTRACTED FROM THE RECORDED GAME ]
Feudal
8:43
Castle
—
Imperial
—
| APM avg | 70.7 |
| APM peak | 99 |
| eAPM avg | 37.3 |
| Villagers / military | 29 / 2 |
Focus
⚔️ 37.8% · 🌾 62.2%
Unknown (2550) ×27 · Spearman ×2
Feudal
12:07
Castle
14:51
Imperial
—
| APM avg | 43.0 |
| APM peak | 91 |
| eAPM avg | 26.2 |
| Villagers / military | 42 / 8 |
Focus
⚔️ 27.8% · 🌾 72.2%
Knight ×7 · Scout Cavalry ×1
Match map
Initial resources + every placement click. Lines = walls · curves = elevation contours. ◆ gold · ⬟ stone · ● berries · ✦ relic · ◌ wall gap
Your base· Open — 8t gap
[DDocs] Dr.Elektrostuhl's base· Open — 4t gap
Smoothed initial terrain · ◌ = detected wall gap · hover for details
Inputs per minute
— Mutn - - [DDocs] Dr.Elektrostuhl
Build order — Mutn
76 actions detected in the replay
| 0:06 | Build | Town Center |
| 1:08 | Create | Villager (Male) |
| 1:08 | Create | Villager (Male) |
| 1:10 | Create | Villager (Male) |
| 1:10 | Create | Villager (Male) |
| 1:50 | Create | Villager (Male) |
| 1:51 | Create | Villager (Male) |
| 1:56 | Build | Settlement |
| 2:24 | Create | Villager (Male) |
| 3:03 | Create | Villager (Male) |
| 3:36 | Create | Villager (Male) |
| 3:56 | Create | Villager (Male) |
| 4:15 | Create | Villager (Male) |
| 5:21 | Build | Settlement |
| 5:29 | Create | Villager (Male) |
| 5:59 | Research | Loom |
| 6:05 | Build | Barracks |
| 6:32 | Research | Feudal Age |
| 6:32 | Research | Feudal Age |
| 7:04 | Create | Unit 2550 |
| 7:24 | Create | Unit 2550 |
| 7:32 | Build | Settlement |
| 7:59 | Create | Unit 2550 |
| 8:10 | Create | Villager (Male) |
| 8:34 | Create | Unit 2550 |
| 8:43 | Age | Feudal Age |
| 8:47 | Research | Tech 1402 |
| 9:16 | Create | Unit 2550 |
| 9:16 | Create | Villager (Male) |
| 9:32 | Build | Barracks |
| 9:47 | Create | Villager (Male) |
| 10:05 | Create | Unit 2550 |
| 10:20 | Create | Unit 2550 |
| 10:30 | Build | Settlement |
| 10:40 | Build | Blacksmith |
| 10:48 | Create | Unit 2550 |
| 11:10 | Create | Unit 2550 |
| 11:43 | Create | Unit 2550 |
| 11:44 | Create | Unit 2550 |
| 11:44 | Create | Villager (Male) |
| 11:44 | Create | Villager (Male) |
| 12:00 | Create | Unit 2550 |
| 12:00 | Create | Unit 2550 |
| 12:03 | Create | Villager (Male) |
| 12:35 | Create | Unit 2550 |
| 12:35 | Create | Unit 2550 |
| 12:35 | Create | Unit 2550 |
| 13:04 | Create | Unit 2550 |
| 13:08 | Research | Arson |
| 13:09 | Create | Villager (Male) |
| 13:09 | Create | Villager (Male) |
| 13:18 | Create | Villager (Male) |
| 13:25 | Create | Unit 2550 |
| 13:40 | Create | Villager (Male) |
| 13:49 | Create | Unit 2550 |
| 13:49 | Create | Unit 2550 |
| 14:03 | Create | Unit 2550 |
| 14:26 | Build | Settlement |
| 14:28 | Build | House |
| 14:41 | Create | Unit 2550 |
| 14:41 | Create | Unit 2550 |
| 14:43 | Build | House |
| 14:46 | Create | Villager (Male) |
| 15:13 | Create | Unit 2550 |
| 15:13 | Create | Unit 2550 |
| 15:14 | Create | Villager (Male) |
| 15:48 | Create | Villager (Male) |
| 16:24 | Create | Villager (Male) |
| 17:12 | Create | Villager (Male) |
| 17:26 | Create | Villager (Male) |
| 17:32 | Create | Unit 2550 |
| 17:32 | Create | Unit 2550 |
| 18:04 | Create | Spearman |
| 18:04 | Create | Spearman |
| 18:16 | Build | Archery Range |
| 18:29 | Create | Villager (Male) |
Build order — [DDocs] Dr.Elektrostuhl
109 actions detected in the replay
| 0:06 | Build | Town Center |
| 1:11 | Create | Villager (Male) |
| 1:12 | Create | Villager (Male) |
| 1:12 | Create | Villager (Male) |
| 1:14 | Create | Villager (Male) |
| 1:52 | Build | Lumber Camp |
| 2:16 | Create | Villager (Male) |
| 2:17 | Create | Villager (Male) |
| 2:38 | Build | House |
| 2:42 | Create | Villager (Male) |
| 3:21 | Build | Palisade Wall |
| 3:40 | Create | Villager (Male) |
| 3:40 | Create | Villager (Male) |
| 4:05 | Create | Villager (Male) |
| 4:06 | Create | Villager (Male) |
| 4:12 | Build | House |
| 4:14 | Build | Palisade Wall |
| 4:33 | Build | House |
| 4:39 | Build | Palisade Wall |
| 5:02 | Create | Villager (Male) |
| 5:05 | Build | Mill |
| 5:14 | Create | Villager (Male) |
| 5:15 | Create | Villager (Male) |
| 5:18 | Create | Villager (Male) |
| 5:19 | Create | Villager (Male) |
| 5:33 | Build | Palisade Wall |
| 5:33 | Create | Villager (Male) |
| 5:57 | Create | Villager (Male) |
| 6:19 | Build | House |
| 6:23 | Create | Villager (Male) |
| 6:31 | Create | Villager (Male) |
| 6:47 | Build | Palisade Wall |
| 6:52 | Build | Palisade Wall |
| 7:34 | Build | House |
| 8:23 | Create | Villager (Male) |
| 8:46 | Build | House |
| 8:48 | Build | House |
| 9:11 | Research | Loom |
| 9:36 | Build | Mining Camp |
| 9:50 | Research | Feudal Age |
| 12:07 | Age | Feudal Age |
| 12:11 | Research | Castle Age |
| 12:37 | Build | Stable |
| 12:41 | Build | Stable |
| 12:44 | Create | Villager (Male) |
| 12:51 | Research | Double-Bit Axe |
| 13:00 | Build | House |
| 13:18 | Build | Farm |
| 13:22 | Build | Farm |
| 13:41 | Build | Farm |
| 13:46 | Build | House |
| 13:48 | Build | House |
| 13:57 | Build | Farm |
| 14:03 | Build | Palisade Wall |
| 14:25 | Build | Palisade Wall |
| 14:32 | Build | Farm |
| 14:33 | Build | Farm |
| 14:34 | Build | Farm |
| 14:35 | Build | Farm |
| 14:35 | Build | Farm |
| 14:41 | Build | Palisade Wall |
| 14:51 | Age | Castle Age |
| 14:53 | Create | Knight |
| 14:53 | Create | Knight |
| 15:06 | Build | House |
| 15:09 | Build | Palisade Wall |
| 15:15 | Build | House |
| 15:15 | Create | Villager (Male) |
| 15:26 | Create | Scout Cavalry |
| 15:33 | Build | Palisade Wall |
| 15:37 | Create | Villager (Male) |
| 15:38 | Create | Knight |
| 15:50 | Build | House |
| 16:10 | Build | Palisade Wall |
| 16:12 | Build | House |
| 16:15 | Create | Villager (Male) |
| 16:17 | Build | House |
| 16:19 | Create | Villager (Male) |
| 16:38 | Build | Town Center |
| 16:41 | Build | House |
| 16:41 | Create | Villager (Male) |
| 16:50 | Create | Villager (Male) |
| 16:54 | Create | Villager (Male) |
| 16:55 | Create | Knight |
| 17:04 | Build | House |
| 17:08 | Build | House |
| 17:13 | Create | Villager (Male) |
| 17:16 | Create | Villager (Male) |
| 17:33 | Create | Knight |
| 17:39 | Create | Villager (Male) |
| 17:42 | Build | Farm |
| 17:42 | Build | Farm |
| 17:42 | Build | Farm |
| 17:42 | Build | Farm |
| 17:43 | Build | Farm |
| 17:52 | Create | Villager (Male) |
| 17:57 | Build | House |
| 17:58 | Create | Villager (Male) |
| 17:59 | Create | Villager (Male) |
| 18:03 | Create | Villager (Male) |
| 18:03 | Create | Villager (Male) |
| 18:04 | Create | Villager (Male) |
| 18:23 | Create | Knight |
| 18:25 | Create | Villager (Male) |
| 18:27 | Create | Villager (Male) |
| 18:27 | Create | Villager (Male) |
| 18:32 | Create | Villager (Male) |
| 18:34 | Build | Farm |
| 18:52 | Create | Knight |
Match timeline
| 3:21 | [DDocs] Dr.Elektrostuhl · wall_segment Palisade Wall x9 |
| 4:14 | [DDocs] Dr.Elektrostuhl · wall_segment Palisade Wall x16 |
| 4:39 | [DDocs] Dr.Elektrostuhl · wall_segment Palisade Wall x11 |
| 5:33 | [DDocs] Dr.Elektrostuhl · wall_segment Palisade Wall x7 |
| 6:05 | Mutn · first_building Barracks |
| 6:47 | [DDocs] Dr.Elektrostuhl · wall_segment Palisade Wall x4 |
| 6:52 | [DDocs] Dr.Elektrostuhl · wall_segment Palisade Wall x10 |
| 8:43 | Mutn · age_up feudal |
| 12:07 | [DDocs] Dr.Elektrostuhl · age_up feudal |
| 12:37 | [DDocs] Dr.Elektrostuhl · first_building Stable |
| 14:03 | [DDocs] Dr.Elektrostuhl · wall_segment Palisade Wall x2 |
| 14:25 | [DDocs] Dr.Elektrostuhl · wall_segment Palisade Wall x1 |
| 14:41 | [DDocs] Dr.Elektrostuhl · wall_segment Palisade Wall x1 |
| 14:51 | [DDocs] Dr.Elektrostuhl · age_up castle |
| 15:09 | [DDocs] Dr.Elektrostuhl · wall_segment Palisade Wall x1 |
| 15:33 | [DDocs] Dr.Elektrostuhl · wall_segment Palisade Wall x1 |
| 16:10 | [DDocs] Dr.Elektrostuhl · wall_segment Palisade Wall x1 |
| 18:16 | Mutn · first_building Archery Range |
| 19:22 | Mutn · resign |
[ AI ANALYSIS · 1 CREDIT ]
What really happened in this match?
Wolo.gg analyzes every decision: build order, eco, micro, common mistakes by bracket. Personalized analysis on WhatsApp or Discord in 30 seconds.
Civ guide
Tupi
Perfil
Jugador #720781